 Dungeon Crawl Stone Soup version 0.14-a0-882-gdff4d47 (webtiles) character file.

79 Malachi the Practitioner (level 2, -1/23 HPs)
             Began as a Djinni Healer on Nov 17, 2013.
             Was a Believer of Elyvilon.
             Slain by a giant gecko (2 damage)
             ... on Level 1 of the Dungeon.
             The game lasted 00:02:02 (1059 turns).

Malachi the Practitioner (Djinni Healer)            Turns: 1059, Time: 00:02:02

HP  -1/23        AC  5     Str 12      XL: 2   Next: 51%
MP   0/0         EV  9     Int 15      God: Elyvilon [**....]
Gold 61          SH  0     Dex 12      Spells:  0 memorised,  1 level left

Res.Fire  : + + +   See Invis. : .   d - +0 elf spear (curse)
Res.Cold  : x . .   Warding    : .   k - +0 orc ring mail
Life Prot.: + + +   Conserve   : .   (no shield)
Res.Poison: .       Res.Corr.  : .   (no helmet)
Res.Elec. : .       Clarity    : .   (no cloak)
Sust.Abil.: . .     Spirit.Shd : .   (no gloves)
Res.Mut.  : .       Stasis     : .   (boots unavailable)
Res.Rott. : .       Flight     : +   (no amulet)
Saprovore : . . .                    (no ring)
                                     e - +3 ring of intelligence

@: flying, slowed, very slow, not resistant to hostile enchantments, very
unstealthy
A: fire immunity, cold vulnerability, life protection 3
a: Lesser Healing, Lesser Self-Healing, Divine Protection, Purification,
Renounce Religion


You were on level 1 of the Dungeon.
You worshipped Elyvilon.
Elyvilon was pleased with you.
You were not hungry.

You visited 1 branch of the dungeon, and saw 2 of its levels.

You collected 61 gold pieces.

Inventory:

Hand weapons
 d - a cursed +0,+0 elven spear (weapon)
Armour
 a - a +1 robe
 k - a +0 orcish ring mail (worn)
Scrolls
 f - 3 scrolls of identify {unknown}
 h - a scroll of blinking {unknown}
 i - 3 scrolls of fear {unknown}
 j - a scroll of noise {unknown}
 l - a scroll of remove curse {unknown}
 m - a scroll of enchant weapon I {unknown}
Jewellery
 e - a +3 ring of intelligence (left hand)
Potions
 b - a potion of curing
 c - a potion of heal wounds
 g - a potion of magic {unknown}


   Skills:
 + Level 1.7 Fighting
 - Level 2.0 Dodging
 * Level 3.9 Invocations


You had one spell level left.
You didn't know any spells.

Dungeon Overview and Level Annotations

Branches:
Dungeon (2/16)

Altars:

Annotations:
D:2 Jessica


Innate Abilities, Weirdness & Mutations

You are immune to all types of fire, even holy and hellish.
You are vulnerable to cold.
You need no food.
You have no legs.
You are immune to negative energy.


Message History

The giant gecko bites you.
* * * LOW HITPOINT WARNING * * *
The giant gecko completely misses you. The giant gecko completely misses you.
Jessica casts a spell.
Jessica seems to speed up.
There is a stone staircase leading up here.
The giant gecko bites you but does no damage.
You fly upwards.
There is a stone staircase leading down here.
Unknown command.
A giant gecko is nearby!
Unknown command.
You miss the giant gecko. The giant gecko bites you.
* * * LOW HITPOINT WARNING * * *
The giant gecko barely misses you.
You hit the giant gecko.
The giant gecko is moderately wounded.
The giant gecko closely misses you. The giant gecko bites you.
You die...

#### #.###.## #...# ##.## ...#
#.# ##.## #.<.# ##.## ...# #.#
##.###...###.## ...########.##
##.###'###.## .............#
##.##.##.##
......#####.########.#.#.######
......# #.###...##.#.#.##...##
......# #.##.###.#.#.#.#.###.##
......#####.#.##@#.#.'.#.#.#>##.#
......%.....#.#l##.#.#.#.#.##.#.#
......#####.#.##..##.#.#.##..##.#
............##.####.##.##.####.##
............###....###.###....##
......#####...########'########
##.#.## #..#######..........#
##.#.# #...................#
#....######%####......#.......#


You could see a giant gecko.

Vanquished Creatures
  2 giant geckos (D:1)
  2 bats (D:1)
  A giant cockroach (D:1)
  2 goblins (D:1)
  2 hobgoblins (D:1)
  2 kobolds (D:1)
  A giant newt (D:1)
  3 rats (D:1)
15 creatures vanquished.

Notes
Turn   | Place    | Note
--------------------------------------------------------------
     0 | D:1      | Malachi, the Djinni Healer, began the quest for the Orb.
     0 | D:1      | Reached XP level 1. HP: 16/16 MP: 0/0
   320 | D:1      | Reached XP level 2. EP: 15/23
  1040 | D:2      | Noticed Jessica
  1052 | D:2      | HP: 1/23 [giant gecko (1)]
  1058 | D:1      | HP: 1/23 [giant gecko (2)]
  1059 | D:1      | Slain by a giant gecko

Action                   || total
-------------------------++-------
Melee: Spear             ||    62
Invok: Lesser Healing    ||     2
